Map: Orbital Shipyard

Players

capac

  • Race: Terran Terran
  • League: Gold

KissCool - Winner!

  • Race: Zerg Zerg
  • League: Platinum

VOD

Have the link to the VOD?

Description

Time

  • Played on: Dec. 1, 2015, 1:36 p.m.
  • Length: 7:22
Show
View Real Time Build Order
Export as new Build Order

capac Terran 

Build Orders:  

Get SALT Encoding   

  12  0:01  SCV  
  13  0:13  SCV  
  14  0:18  Supply Depot  
  14  0:25  SCV  
  15  0:39  SCV  
  15  0:42  Barracks  
  16  0:46  Refinery  
  16  0:56  SCV  
  17  1:08  SCV  
  19  1:28  Orbital Command  
  18  1:37  Barracks Reactor  
  18  1:54  Command Center  
  18  2:04  Supply Depot  
  18  2:14  Factory, Marine x2  
  20  2:31  SCV  
  20  2:35  Refinery  
  21  2:41  Marine  
  21  2:42  Barracks  
  21  2:43  Marine  
  23  2:52  SCV  
  23  3:03  Starport  
  23  3:04  Marine  
  24  3:07  Marine  
  25  3:19  Orbital Command  
  25  3:22  Marine  
  26  3:29  SCV  
  27  3:39  Barracks Tech Lab  
  27  3:41  SCV, Medivac  
  28  3:45  Factory Tech Lab  
  30  3:52  SCV  
  30  3:53  SCV  
  32  4:00  Stimpack  
  32  4:01  Marine  
  33  4:06  Siege Tank  
  36  4:10  Supply Depot  
  36  4:12  SCV  
  36  4:16  Starport Reactor  
  37  4:34  SCV  
  37  4:35  SCV  
  39  4:39  Barracks  
  39  4:40  Marine  
  39  4:41  Barracks, Marine  
  41  4:49  Supply Depot  
  41  4:50  Engineering Bay  
  41  4:52  Engineering Bay  
  41  4:53  SCV x2  
  41  4:58  Marauder  
  45  5:13  Liberator  
  45  5:14  Liberator  
  45  5:34  Barracks Reactor  
  51  5:36  Barracks Tech Lab  
  51  5:39  SCV x2  
  51  5:42  Refinery  
  53  5:43  Marine x2  
  53  5:44  Marauder  
  55  6:13  Marine x2  
  50  6:23  Siege Tank  
  29  6:50  Supply Depot  
Show
View Real Time Build Order
Export as new Build Order

KissCool Zerg - Winner!

Build Orders: Hatch First 

Get SALT Encoding   

  12  0:02  Drone  
  13  0:10  Drone  
  14  0:17  Overlord  
  14  0:24  Extractor, Drone  
  15  0:35  Drone x2  
  17  0:45  Drone  
  18  1:00  Hatchery, Drone  
  18  1:08  Drone  
  19  1:19  Overlord  
  19  1:25  Spawning Pool  
  18  1:27  Drone  
  19  1:38  Drone  
  20  1:43  Extractor  
  19  1:49  Drone  
  19  1:51  Extractor  
  19  2:00  Drone  
  20  2:12  Queen  
  20  2:14  Queen  
  20  2:15  Drone  
  25  2:21  Drone  
  26  2:23  Drone  
  26  2:24  Drone  
  28  2:36  Drone x2  
  30  2:42  Drone  
  31  2:45  Evolution Chamber  
  31  2:47  Drone  
  31  2:58  Lair  
  31  3:01  Drone x2  
  33  3:07  Drone x2  
  33  3:08  Roach Warren  
  34  3:15  Overlord  
  34  3:18  Zerg Missile Weapons Level 1, Overlord  
  34  3:34  Overlord  
  34  3:37  Overlord  
  34  3:49  Roach  
  34  3:50  Roach x5  
  46  3:56  Glial Reconstitution  
  46  3:58  Roach  
  48  4:03  Roach  
  54  4:10  Roach x2  
  54  4:21  Roach x2  
  58  4:28  Roach x4  
  58  4:30  Overlord  
  66  4:36  Overlord  
  66  4:58  Drone  
  66  4:59  Drone x4  
  69  5:20  Roach x6  
  76  5:36  Roach  
  76  5:37  Roach x3  
  76  5:38  Overlord x2  
  84  5:53  Spine Crawler  
  83  6:00  Roach x4  
  81  6:21  Roach  
  81  6:22  Roach x4  
  91  6:32  Drone x5  
  92  6:35  Overlord  
  82  7:10  Drone x9  
Tags
 
Add a new tag
Caveats
  • Supply blocks, unpowered buildings, or Contaminate may cause inaccurate times.
  • Supply counts are checked every 10 seconds.